 Dungeon Crawl Stone Soup version 0.17-a0-465-g279efb6 (webtiles) character file.

18474 tizzy the Severer (level 12, -19/91 HPs)
             Began as a Demonspawn Gladiator on Apr 5, 2015.
             Was the Champion of Makhleb.
             Demolished by a white ugly thing (31 damage)
             ... on level 11 of the Dungeon.
             The game lasted 00:54:02 (20133 turns).

tizzy the Severer (Demonspawn Gladiator)           Turns: 20133, Time: 00:54:03

Health: -19/91     AC: 14    Str: 15    XL:     12   Next: 28%
Magic:  24/24      EV: 15    Int: 15    God:    Makhleb [******]
Gold:   376        SH:  0    Dex: 18    Spells: 0 memorised, 11 levels left

rFire  + . .     SeeInvis +     a - +0 war axe (flame)
rCold  . . .     Clarity  .     b - +0 leather armour
rNeg   + . .     SustAb   +     (no shield)
rPois  +         Gourm    .     (helmet unavailable)
rElec  .         Spirit   .     Y - +1 cloak
rCorr  .         Warding  +     Q - +0 pair of gloves (curse)
rMut   .         Stasis   .     E - +2 pair of boots of Life {Dex+3 SInv}
MR     +....                    K - amulet of warding
Stlth  +.........               M - ring of sustain abilities
                                d - ring of the Stag {rPois MR+ MP+9 Int+2}

@: somewhat resistant to hostile enchantments, very unstealthy
A: antennae 3, rough black scales 1, fire resistance 1, spiny 1, wild magic 1,
flame cloud immunity
a: Minor Destruction, Lesser Servant of Makhleb, Major Destruction, Greater
Servant of Makhleb, Renounce Religion


You were on level 11 of the Dungeon.
You worshipped Makhleb.
Makhleb was exalted by your worship.
You were not hungry.

You visited 3 branches of the dungeon, and saw 15 of its levels.

You collected 841 gold pieces.
You spent 465 gold pieces at shops.

Inventory:

Hand weapons
 a - a +0 war axe of flaming (weapon)
 h - a +0 battleaxe of draining
 F - a +0 blowgun
Missiles
 u - 8 curare-tipped needles
 V - a throwing net (quivered)
Armour
 b - a +0 leather armour (worn)
 E - the +2 pair of boots of Life (worn) {Dex+3 SInv}
   (You bought it in a shop on level 4 of the Dungeon)

   It affects your dexterity (+3).
   It enhances your eyesight.
 Q - a cursed +0 pair of gloves (worn)
 Y - a +1 cloak (worn)
Jewellery
 d - the ring of the Stag (left hand) {rPois MR+ MP+9 Int+2}
   (You acquired it on level 2 of the Lair of Beasts)

   [ring of intelligence]

   It affects your intelligence (+2).
   It protects you from poison.
   It affects your resistance to hostile enchantments.
   It affects your magic capacity (+9).
 q - an uncursed ring of teleport control
 H - an uncursed ring of wizardry
 K - an amulet of warding (around neck)
 M - a ring of sustain abilities (right hand)
 N - an uncursed amulet of regeneration
Magical devices
 n - a wand of polymorph (20)
 p - a wand of draining (10)
 t - a wand of cold (9)
 Z - a wand of cold (2)
Scrolls
 c - 2 scrolls of fear
 e - 2 scrolls of recharging
 k - 2 scrolls of magic mapping
 l - 2 scrolls of amnesia
 m - 2 scrolls of identify
 r - a scroll of teleportation
 T - a scroll of remove curse
 U - a scroll of fog
Potions
 g - 5 potions of restore abilities
 i - 2 potions of agility
 s - a potion of brilliance
 v - 3 potions of curing
 x - a potion of haste
 z - a potion of berserk rage
 D - a potion of might
 L - a potion of lignification
 P - a potion of ambrosia
Comestibles
 f - 14 bread rations
 o - a meat ration
 w - 25 fruits


   Skills:
 + Level 7.4 Fighting
 * Level 15.4 Axes
 - Level 1.7 Throwing
 + Level 4.0 Armour
 + Level 5.0 Dodging
 - Level 5.0 Invocations


You had 11 spell levels left.
You didn't know any spells.

Dungeon Overview and Level Annotations

Branches:
Dungeon (11/15)            Temple (1/1) D:4            Lair (3/8) D:10
  Swamp: Lair:3-6    Shoals: Lair:3-6     Snake: Lair:3-6    Spider: Lair:3-6
    Orc: D:9-12

Altars:
Ashenzari
Cheibriados
Dithmenos
Elyvilon
Fedhas
Gozag
Kikubaaqudgha
Makhleb
Nemelex Xobeh
Okawaru
Qazlal
Ru
Sif Muna
Trog
Vehumet
Xom
Yredelemnul
Zin
The Shining One

Shops:
D:4 *:[!   D:6 }*(

Annotations:
D:7 1 runed door
D:10 Erg's ghost, experienced VSGl


Innate Abilities, Weirdness & Mutations

You have a pair of large antennae on your head (SInv).
You are partially covered in rough black scales (AC +4, Dex -1).
Your flesh is heat resistant.
You are partially covered in sharp spines.
You are immune to clouds of flame.
Your spells are a little harder to cast, but a little more powerful.


Message History

* * * LOW HITPOINT WARNING * * *
You closely miss the white ugly thing.
The white ugly thing is lightly wounded.
You hack one of the four-headed hydra's heads off!
The flame cauterises the wound!
You slash the three-headed hydra! You burn the three-headed hydra.
The three-headed hydra is severely wounded.
The three-headed hydra completely misses you.
The three-headed hydra bites you.
* * * LOW HITPOINT WARNING * * *
The three-headed hydra bites you but does no damage.
Unknown command.
You barely miss the three-headed hydra.
The three-headed hydra is severely wounded.
You closely miss the white ugly thing.
The white ugly thing is lightly wounded.
The white ugly thing tail-slaps you!
* * * LOW HITPOINT WARNING * * *
The white ugly thing freezes you!!
You die...

.............
...............
................
.................
.....=...........
#.....†........
#.....#........
##u..###...... ..
#@D..##....... ...
#......./..... ....#
#............
......####..........%
.......##......##...
............#### ..
............##
...........##
#...........###


You could see a three-headed hydra and a white ugly thing.

Vanquished Creatures
  A hydra (Lair:1)
  Erica (D:9)
  A hill giant (D:5)
  An ugly thing (D:8)
  Maurice (D:9)
  3 spiny frogs
  A molten gargoyle (Lair:1)
  A black mamba (Lair:2)
  A komodo dragon (Lair:2)
  Grinder (D:4)
  3 polar bears (Lair:2)
  12 blink frogs
  6 yaks
  A deep elf mage (D:10)
  7 fire bats (Lair:1)
  3 hippogriffs
  A hungry ghost (D:7)
  A steam dragon (D:6)
  Edmund (D:4)
  7 wolves
  A soldier ant (D:11)
  A wasp (D:8)
  A black bear (Lair:2)
  2 orc warriors
  7 water moccasins
  4 sky beasts
  A necrophage (D:10)
  11 ogres
  4 ice beasts
  3 porcupines (Lair:2)
  7 crocodiles
  2 centaurs (D:7)
  The ghost of AttackOctopus the Cudgeler, an average GrFi (D:4)
  11 giant frogs
  A wyvern skeleton (D:11)
  3 scorpions
  An electric eel (Lair:1)
  A water moccasin skeleton (D:10)
  4 killer bees
  9 wights
  4 orc priests
  5 crimson imps
  3 goliath beetles
  6 jellies
  4 iguanas
  2 giant frog skeletons
  9 hounds
  20 worker ants
  8 orc wizards
  2 worker ant zombies
  11 river rats (Lair:2)
  18 adders
  3 white imps (Lair:2)
  2 worms
  An adder skeleton (D:7)
  2 oozes
  35 orcs
  3 ball pythons
  2 bat skeletons (D:4)
  3 bat zombies
  3 giant cockroaches
  17 hobgoblins
  10 jackals
  5 quokkas
  15 bats
  8 giant geckos
  9 giant newts
  A giant spore (D:9)
  14 goblins
  14 kobolds
  A quokka skeleton (D:5)
  18 rats
  7 ballistomycetes (D:9)
  A butterfly (D:7)
  2 fungi
  A plant (D:10)
398 creatures vanquished.

Vanquished Creatures (others)
  A steam dragon (D:9)
  A scorpion (D:9)
  An orc wizard (D:7)
  2 giant spores (D:9)
  A fungus (Lair:2)
6 creatures vanquished.

Grand Total: 404 creatures vanquished

Notes
Turn   | Place    | Note
--------------------------------------------------------------
     0 | D:1      | tizzy, the Demonspawn Gladiator, began the quest for the Orb.
     0 | D:1      | Reached XP level 1. HP: 16/16 MP: 1/1
   161 | D:1      | Reached skill level 3 in Axes
   253 | D:1      | Gained mutation: You are partially covered in rough black scales (AC +4, Dex -1). [demonic ancestry]
   253 | D:1      | Reached XP level 2. HP: 22/22 MP: 2/2
   768 | D:1      | You fall through a shaft!
   768 | D:2      | Found an ancient bone altar of Kikubaaqudgha.
   810 | D:2      | Reached XP level 3. HP: 20/27 MP: 3/3
   967 | D:2      | Reached skill level 4 in Axes
  1624 | D:2      | Found a bloodstained altar of Trog.
  1633 | D:2      | Gained mutation: Your flesh is heat resistant. [demonic ancestry]
  1633 | D:2      | Reached XP level 4. HP: 33/33 MP: 4/4
  2453 | D:3      | Reached skill level 5 in Axes
  2613 | D:3      | Gained mutation: You are immune to clouds of flame. [demonic ancestry]
  2613 | D:3      | Reached XP level 5. HP: 27/38 MP: 5/5
  2672 | D:3      | Found a deep blue altar of Sif Muna.
  3433 | D:4      | Found a staircase to the Ecumenical Temple.
  3457 | Temple   | Entered the Ecumenical Temple
  3700 | D:4      | Noticed Grinder
  3701 | D:4      | Noticed an ogre
  3872 | D:4      | Reached skill level 6 in Axes
  4026 | D:4      | Killed an ogre
  4026 | D:4      | Gained mutation: You have a pair of small antennae on your head. [demonic ancestry]
  4026 | D:4      | Reached XP level 6. HP: 44/44 MP: 6/6
  4082 | D:4      | Noticed an ogre
  4137 | D:4      | Killed an ogre
  4244 | D:4      | Reached skill level 7 in Axes
  4360 | D:4      | Found a burning altar of Makhleb.
  4384 | D:4      | Became a worshipper of Makhleb the Destroyer
  4579 | D:4      | Noticed AttackOctopus's ghost (average GrFi)
  4585 | D:5      | Entered Level 5 of the Dungeon
  4741 | D:4      | Found Zeruakow's Antique Armour Shop.
  4765 | D:4      | Noticed an ogre
  4780 | D:4      | Noticed Edmund
  4782 | D:4      | Paralysed by Edmund for 4 turns
  5042 | D:4      | Gained mutation: You have a pair of antennae on your head. [demonic ancestry]
  5042 | D:4      | Reached XP level 7. HP: 50/50 MP: 7/7
  5083 | D:4      | Found Sovadedo's Assorted Antiques.
  5108 | D:4      | Bought a scroll labeled WUCSAO OFUTYX for 25 gold pieces
  5126 | D:4      | Paralysed by Edmund for 4 turns
  5726 | D:5      | Noticed Blork the orc
  5739 | D:5      | Noticed Blork
  5739 | D:5      | Blork the orc changed into Blork the giant frog
  5752 | D:5      | Killed Blork the giant frog
  5752 | D:5      | Reached skill level 8 in Axes
  5918 | D:5      | Acquired Makhleb's first power
  6287 | D:5      | Noticed a hill giant
  6521 | D:4      | Paralysed by Grinder for 6 turns
  6537 | D:4      | Killed Grinder
  6537 | D:4      | Reached skill level 9 in Axes
  6537 | D:4      | Reached XP level 8. HP: 41/56 MP: 8/8
  7385 | D:4      | Killed AttackOctopus's ghost
  7448 | D:4      | Killed Edmund
  7448 | D:4      | Reached skill level 10 in Axes
  7480 | D:4      | Bought a pair of warped boots for 304 gold pieces
  7485 | D:4      | Identified the +2 pair of boots of Life {Dex+3 SInv} (You bought it in a shop on level 4 of the Dungeon)
  7495 | D:4      | Killed an ogre
  7718 | D:4      | Acquired Makhleb's second power
  7776 | D:4      | Found Qiashrus's Distillery.
  7783 | D:4      | Bought a potion of poison for 10 gold pieces
  7953 | D:4      | Found Cead Jef's Book Emporium.
  8076 | D:6      | Found Oqairr's Antique Weapon Emporium.
  8211 | D:6      | Found Wuatof's General Store.
  8433 | D:6      | Found a sparkling altar of Nemelex Xobeh.
  8433 | D:6      | Found a glowing silver altar of Zin.
  8467 | D:6      | Found Ufeameb's Gadget Shop.
  8475 | D:6      | Reached skill level 11 in Axes
  8591 | D:6      | Gained mutation: You have a pair of large antennae on your head (SInv). [demonic ancestry]
  8591 | D:6      | Reached XP level 9. HP: 61/61 MP: 9/9
  9319 | D:6      | Bought a potion of curing for 39 gold pieces
  9396 | D:7      | Acquired Makhleb's third power
 10177 | D:7      | Found a runed door.
 10198 | D:7      | Found a runed door.
 10481 | D:8      | Reached skill level 12 in Axes
 10853 | D:8      | Noticed a purple ugly thing
 11125 | D:8      | Killed a purple ugly thing
 11863 | D:5      | Killed a hill giant
 11863 | D:5      | Reached skill level 13 in Axes
 11863 | D:5      | Reached XP level 10. HP: 43/67 MP: 10/10
 12078 | D:4      | Bought a potion of mutation for 25 gold pieces
 12078 | D:4      | Bought a potion of might for 40 gold pieces
 12109 | D:4      | Bought a coppery potion for 22 gold pieces
 12342 | D:9      | Noticed Maurice
 12350 | D:9      | Acquired Makhleb's fourth power
 12786 | D:9      | Noticed Erica
 12798 | D:9      | Killed Erica
 13765 | D:9      | Killed Maurice
 13765 | D:9      | Reached skill level 14 in Axes
 13907 | D:9      | Reached skill level 5 in Fighting
 13938 | D:10     | Entered Level 10 of the Dungeon
 14275 | D:10     | Acquired Makhleb's fifth power
 14294 | D:10     | Found a staircase to the Lair.
 15034 | D:7      | Gained mutation: You are partially covered in sharp spines. [demonic ancestry]
 15034 | D:7      | Reached XP level 11. HP: 80/80 MP: 11/11
 15421 | D:10     | Noticed Erg's ghost (experienced VSGl)
 15800 | Lair:1   | Entered Level 1 of the Lair of Beasts
 15828 | Lair:1   | Reached skill level 1 in Armour
 15828 | Lair:1   | Reached skill level 1 in Invocations
 16345 | Lair:1   | HP: 4/81 [blink frog (17)]
 16609 | Lair:1   | Noticed a six-headed hydra
 16625 | Lair:1   | Killed a one-headed hydra
 18146 | Lair:2   | Reached skill level 15 in Axes
 18168 | Lair:2   | HP: 2/124 [black mamba (11)]
 18611 | Lair:2   | Reached skill level 5 in Invocations
 18866 | Lair:2   | Noticed an ice dragon
 18898 | Lair:2   | Reached XP level 12. HP: 89/89 MP: 15/15
 19225 | Lair:2   | Identified a scroll of acquirement
 19226 | Lair:2   | Got a slimy brass ring
 19334 | Lair:2   | Gained mutation: Your spells are a little harder to cast, but a little more powerful. [potion of beneficial mutation]
 19335 | Lair:2   | Identified the ring of the Stag {rPois MR+ MP+9 Int+2} (You acquired it on level 2 of the Lair of Beasts)
 19960 | D:11     | Reached skill level 5 in Dodging
 20118 | D:11     | Noticed an eight-headed hydra
 20133 | D:11     | Demolished by a white ugly thing

Action                   |  1- 3 |  4- 6 |  7- 9 | 10-12 || total
-------------------------+-------+-------+-------+-------++-------
Melee: War axe           |   135 |   248 |   542 |   820 ||  1745
 Fire: Blowgun           |       |       |       |     4 ||     4
Throw: Tomahawk          |       |     3 |    16 |     6 ||    25
       Throwing net      |       |     3 |       |     1 ||     4
Evoke: Wand              |       |       |     7 |    17 ||    24
  Use: Scroll            |       |     3 |    16 |     9 ||    28
       Potion            |       |       |     2 |    12 ||    14
 Stab: Sleeping          |     1 |       |     1 |     3 ||     5
       Invisible         |       |       |       |     7 ||     7
       Distracted        |       |       |       |     2 ||     2
  Eat: Chunk             |     2 |    11 |    18 |    25 ||    56
       Pizza             |       |       |     1 |       ||     1
       Beef jerky        |       |       |     2 |     1 ||     3
       Meat ration       |       |       |       |     1 ||     1
